 Dungeon Crawl Stone Soup version 0.21.1-1-g345015fe64 (webtiles) character file.

189 Henning the Skirmisher (level 5, 0/47 HPs)
             Began as a Gnoll Abyssal Knight on June 16, 2018.
             Was a Priest of Lugonu.
             Slain by Delanovic's ghost (10 damage)
             ... on level 3 of the Dungeon.
             The game lasted 00:08:30 (3256 turns).

Henning the Skirmisher (Gnoll Abyssal Knight)       Turns: 3256, Time: 00:08:30

Health: 0/47       AC: 13    Str: 15    XL:     5   Next: 68%
Magic:  8/8        EV: 12    Int: 15    God:    Lugonu [***...]
Gold:   115        SH:  0    Dex: 14    Spells: 7/7 levels left

rFire    . . .     SeeInvis .   a - +1 falchion
rCold    . . .     Gourm    +   (no shield)
rNeg     . . .     Faith    .   e - +0 ring mail
rPois    .         Spirit   .   (no helmet)
rElec    .         Reflect  .   (no cloak)
rCorr    .         Harm     .   (no gloves)
MR       .....                  w - +0 pair of boots
Stlth    +.........             t - amulet of the gourmand
HPRegen  0.15/turn              s - +2 ring of protection
MPRegen  0.11/turn              u - +4 ring of protection

@: no status effects
A: distributed training, fangs 1, strong nose
a: Depart the Abyss, Bend Space, Banish, Renounce Religion


You were on level 3 of the Dungeon.
You worshipped Lugonu.
Lugonu was most pleased with you.
You were not hungry.

You visited 1 branch of the dungeon, and saw 4 of its levels.
You visited the Abyss 1 time.

You collected 115 gold pieces.

Inventory:

Hand Weapons
 a - a +1 falchion (weapon)
 h - a +1 dagger of venom
Missiles
 i - 44 sling bullets
Armour
 b - a +0 leather armour
 e - a +0 ring mail (worn)
 w - a +0 pair of boots (worn)
Jewellery
 n - an uncursed amulet of magic regeneration
 s - a +2 ring of protection (left hand)
 t - an amulet of the gourmand (around neck)
 u - a +4 ring of protection (right hand)
Scrolls
 d - 4 scrolls of identify {unknown}
 f - a scroll of immolation {unknown}
 k - 3 scrolls of random uselessness {unknown}
 m - 2 scrolls of amnesia {unknown}
 o - a scroll of teleportation {unknown}
 p - 2 scrolls of magic mapping {unknown}
 q - a scroll of blinking {unknown}
 r - a scroll of remove curse {unknown}
Potions
 g - 4 potions of might {unknown}
 j - a potion of lignification {unknown}
 l - a potion of berserk rage {unknown}
 v - a potion of heal wounds {unknown}
 x - a potion of curing {unknown}
Comestibles
 c - 4 rations


   Skills:
 + Level 6.7 Fighting
 + Level 1.5 Short Blades
 + Level 4.8 Long Blades
 + Level 1.5 Axes
 + Level 1.5 Maces & Flails
 + Level 1.5 Polearms
 + Level 1.5 Staves
 + Level 1.5 Slings
 + Level 1.5 Bows
 + Level 1.5 Crossbows
 + Level 1.5 Throwing
 + Level 4.8 Armour
 + Level 3.0 Dodging
 + Level 1.5 Stealth
 + Level 1.5 Shields
 + Level 1.5 Unarmed Combat
 + Level 1.5 Spellcasting
 + Level 1.2 Conjurations
 + Level 1.2 Hexes
 + Level 1.2 Charms
 + Level 1.2 Summonings
 + Level 1.2 Necromancy
 + Level 1.2 Translocations
 + Level 1.2 Transmutations
 + Level 1.2 Fire Magic
 + Level 1.2 Ice Magic
 + Level 1.2 Air Magic
 + Level 1.2 Earth Magic
 + Level 1.2 Poison Magic
 + Level 4.9 Invocations
 + Level 1.5 Evocations


You had 7 spell levels left.
You didn't know any spells.

Dungeon Overview and Level Annotations

Branches:
Dungeon (4/15)
 Temple: D:4-7

Altars:
Ashenzari
Dithmenos
Fedhas
Qazlal
Sif Muna
Vehumet
Zin

Annotations:
D:3 Delanovic's ghost, amateur CeGl


Innate Abilities, Weirdness & Mutations

Your experience applies equally to all skills.
You have very sharp teeth.
Your uncanny sense of smell can sniff out nearby items.


Message History

Delanovic's ghost is moderately damaged.
Delanovic's ghost hits you!
You hit Delanovic's ghost but do no damage.
Delanovic's ghost is moderately damaged.
Delanovic's ghost hits you!
You closely miss Delanovic's ghost.
You bite Delanovic's ghost, but do no damage.
Delanovic's ghost is moderately damaged.
Delanovic's ghost hits you but does no damage.
You hit Delanovic's ghost.
Delanovic's ghost is moderately damaged.
Delanovic's ghost misses you.
You hit Delanovic's ghost but do no damage.
Delanovic's ghost is moderately damaged.
Delanovic's ghost hits you!
* * * LOW HITPOINT WARNING * * *
You hit Delanovic's ghost but do no damage.
Delanovic's ghost is moderately damaged.
Delanovic's ghost hits you!
You die...

#.# #.#.##.# #.# ###.###
#####.###.#.##.# #.# #......
........#.#.##.# #.# #.#.###
#####.......##.######.#####.#.###
........................)).).....
........#.#.##.######.##.##.#.##.
#.###...#.#..#.######.##.##.#....
#.# #...#.#.....W................
..........##.#.#@...#.##.###.###.
........#.##.#.#....#.##.###.###.
.....................######.r.###
..###................#_. ###)###
.##.#.......#..##..)..## #.
#.#.......# #'...(...'
#.#.......###....⌠....
#.####.###...⌠...⌠.. #.
###.#..........


You could see Delanovic's ghost.

Vanquished Creatures
  2 orc priests (D:3)
  3 adders
  3 oozes
  3 worms (D:2)
  2 dart slugs
  2 leopard geckos (D:3)
  3 orcs (D:3)
  A ball python (D:1)
  3 giant cockroaches
  11 goblins
  3 hobgoblins
  A quokka (D:4)
  11 bats
  7 frilled lizards
  9 kobolds
  14 rats
78 creatures vanquished.

Notes
Turn   | Place    | Note
-------+----------+-------------------------------------------
     0 | Abyss:1  | Henning the Gnoll Abyssal Knight began the quest for the Orb.
     0 | Abyss:1  | Reached XP level 1. HP: 23/23 MP: 3/3
    41 | D:1      | Escaped the Abyss
   172 | D:1      | Reached XP level 2. HP: 27/29 MP: 5/5
   557 | D:1      | Reached ** piety under Lugonu
   587 | D:1      | Reached XP level 3. HP: 35/35 MP: 6/6
  1207 | D:2      | Reached skill level 1 in Short Blades
  1207 | D:2      | Reached skill level 1 in Axes
  1207 | D:2      | Reached skill level 1 in Maces & Flails
  1207 | D:2      | Reached skill level 1 in Polearms
  1207 | D:2      | Reached skill level 1 in Staves
  1207 | D:2      | Reached skill level 1 in Slings
  1207 | D:2      | Reached skill level 1 in Bows
  1207 | D:2      | Reached skill level 1 in Crossbows
  1207 | D:2      | Reached skill level 1 in Throwing
  1207 | D:2      | Reached skill level 1 in Stealth
  1207 | D:2      | Reached skill level 1 in Shields
  1207 | D:2      | Reached skill level 1 in Unarmed Combat
  1207 | D:2      | Reached skill level 1 in Spellcasting
  1207 | D:2      | Reached skill level 1 in Evocations
  1246 | D:2      | Reached XP level 4. HP: 39/41 MP: 7/7
  1711 | D:2      | Found a deep blue altar of Sif Muna.
  1771 | D:3      | Reached skill level 1 in Conjurations
  1771 | D:3      | Reached skill level 1 in Hexes
  1771 | D:3      | Reached skill level 1 in Charms
  1771 | D:3      | Reached skill level 1 in Summonings
  1771 | D:3      | Reached skill level 1 in Necromancy
  1771 | D:3      | Reached skill level 1 in Translocations
  1771 | D:3      | Reached skill level 1 in Transmutations
  1771 | D:3      | Reached skill level 1 in Fire Magic
  1771 | D:3      | Reached skill level 1 in Ice Magic
  1771 | D:3      | Reached skill level 1 in Air Magic
  1771 | D:3      | Reached skill level 1 in Earth Magic
  1771 | D:3      | Reached skill level 1 in Poison Magic
  1845 | D:3      | Reached *** piety under Lugonu
  2402 | D:3      | Reached XP level 5. HP: 47/47 MP: 8/8
  2733 | D:3      | Noticed Delanovic's ghost (amateur CeGl)
  2754 | D:3      | Found a shadowy altar of Dithmenos.
  2754 | D:3      | Found a blossoming altar of Fedhas.
  2754 | D:3      | Found a shattered altar of Ashenzari.
  2754 | D:3      | Found a stormy altar of Qazlal.
  2754 | D:3      | Found a glowing silver altar of Zin.
  2756 | D:3      | Found a radiant altar of Vehumet.
  3256 | D:3      | Slain by Delanovic's ghost

Skill      XL: |  1  2  3  4  5 |
---------------+----------------+-----
Short Blades   | 1 |  1.5
Axes           | 1 |  1.5
Maces & Flails | 1 |  1.5
Polearms       | 1 |  1.5
Staves         | 1 |  1.5
Slings         | 1 |  1.5
Bows           | 1 |  1.5
Crossbows      | 1 |  1.5
Throwing       | 1 |  1.5
Stealth        | 1 |  1.5
Shields        | 1 |  1.5
Unarmed Combat | 1 |  1.5
Spellcasting   | 1 |  1.5
Evocations     | 1 |  1.5
Conjurations   | 1 |  1.2
Hexes          | 1 |  1.2
Charms         | 1 |  1.2
Summonings     | 1 |  1.2
Necromancy     | 1 |  1.2
Translocations | 1 |  1.2
Transmutations | 1 |  1.2
Fire Magic     | 1 |  1.2
Ice Magic      | 1 |  1.2
Air Magic      | 1 |  1.2
Earth Magic    | 1 |  1.2
Poison Magic   | 1 |  1.2
Dodging        | 3 |  3.0
Fighting       | |  6.7
Long Blades    | |  4.8
Armour         | |  4.8
Invocations    | |  4.9

Action                   |  1- 3 |  4- 6 || total
-------------------------+-------+-------++-------
Melee: Falchion          |    86 |    71 ||   157
       Bite              |    11 |    26 ||    37
       Punch             |     3 |       ||     3
       Unarmed           |       |    11 ||    11
       Dagger            |       |    81 ||    81
Throw: Tomahawk          |    19 |    14 ||    33
Invok: Bend Space        |       |     2 ||     2
  Eat: Chunk             |     1 |     8 ||     9
Armor: Ring mail         |    29 |    59 ||    88
Dodge: Dodged            |    57 |    82 ||   139
       Rpst.: Falchion   |    17 |     8 ||    25
